 Dungeon Sprint DCSS version 0.30-a0-937-ga0a21ad780 (webtiles) character file.

Game seed: 9886307859650137103

367 testman the Slicer (level 6, 0/56 (57) HPs)
             Began as a Merfolk Gladiator on Mar 24, 2023.
             Was a Believer of Uskayaw.
             Shot with an arrow by a centaur (7 damage)
             ... in the Dungeon (Sprint IX: "|||||||||||||||||||||||||||||").
             The game lasted 00:04:05 (218 turns).

testman the Slicer (Merfolk Gladiator)               Turns: 218, Time: 00:04:05

HP:   0/56 (57)     AC:  8    Str: 17    XL:     6   Next: 69%
MP:   7/9           EV: 13    Int:  8    God:    Uskayaw [**....]
Gold: 0             SH:  0    Dex: 17    Spells: 5/5 levels left

rFire   . . .      SeeInvis .    n - +2 rapier (distort)
rCold   . . .      Faith    .    (no shield)
rNeg    . . .      Spirit   .    b - +0 leather armour
rPois   .          Reflect  .    c - +0 helmet
rElec   .          Rampage  .    o - +0 cloak
rCorr   .          NoTele   +    p - +0 pair of gloves
Will    .....                    (no boots)
Stlth   +                        (no amulet)
HPRegen 0.29/turn                q - +2 ring of protection
MPRegen 0.11/turn                r - +3 ring of strength

@: slowed, lightly drained, very slow
A: (nimble swimmer 2), mertail
a: Renounce Religion, Stomp, Line Pass


You were in the Dungeon.
You worshipped Uskayaw.
Uskayaw was noncommittal.
You visited 1 branch

Inventory:

Hand Weapons
 a - a +0 rapier
 n - a +2 rapier of distortion (weapon)
Missiles
 d - 2 throwing nets (quivered)
 e - a javelin
Armour
 b - a +0 leather armour (worn)
 c - a +0 helmet (worn)
 o - a +0 cloak (worn)
 p - a +0 pair of gloves (worn)
Jewellery
 q - a +2 ring of protection (left hand)
 r - a +3 ring of strength (right hand)
Wands
 m - a wand of iceblast (10)
Scrolls
 k - 2 scrolls of blinking
 l - 2 scrolls of amnesia
Potions
 f - a potion of invisibility
 g - 2 potions of heal wounds
 h - a potion of haste
 i - 4 potions of magic
 j - 3 potions of curing


   Skills:
 + Level 8.5 Fighting
 + Level 9.7 Short Blades
 + Level 7.7 Throwing
 - Level 4.0 Dodging
 + Level 4.9 Invocations


You had 5 spell levels left.
You didn't know any spells.
Your spell library was empty.

Dungeon Overview and Level Annotations

Branches:
Dungeon (1/1)

Altars:
Cheibriados
Dithmenos
Elyvilon
Fedhas
Gozag
Hepliaklqana
Kikubaaqudgha
Makhleb
Nemelex Xobeh
Okawaru
Qazlal
Ru
Sif Muna
Trog
Uskayaw
Vehumet
Wu Jian
Xom
Yredelemnul
Zin
The Shining One
Jiyva
Lugonu


Innate Abilities, Weirdness & Mutations

((You are very nimble when in or above water. (Stealth+, EV+, Speed+++)))
Your lower body shifts to a powerful aquatic tail in water.


Message History

You throw a throwing net.
The throwing net closely misses the kobold brigand.
The throwing net hits the centaur.
The centaur is caught in the net!
You feel sick.
You are no longer poisoned.
The centaur struggles against the net. x2
You barely miss the kobold brigand.
The centaur struggles against the net.
The kobold brigand completely misses you.
You puncture the kobold brigand!
Space warps horribly around the kobold brigand!
The kobold brigand is almost dead.
The centaur struggles against the net.
The kobold brigand hits you with a +0 whip!
* * * LOW HITPOINT WARNING * * *
The centaur struggles against the net.
The net rips apart, and the centaur comes free!
You puncture the kobold brigand!
You kill the kobold brigand!
The centaur wields a +0 shortbow of draining.
You sense an unholy aura.
The centaur shoots an arrow.
The arrow closely misses you.
You can now pass through a line of other dancers.
The centaur shoots an arrow.
The arrow barely misses you.
The centaur shoots an arrow.
The arrow hits you.
* * * LOW HITPOINT WARNING * * *
You feel drained.
* * * LOW HITPOINT WARNING * * *
Items here: ( ))) [[ †.
You hit the centaur but do no damage.
Space warps around the centaur.
The centaur is lightly wounded.
The centaur unwields a +0 shortbow of draining.
The centaur hits you but does no damage.
The centaur kicks you.
* * * LOW HITPOINT WARNING * * *
You puncture the centaur!
Space warps horribly around the centaur!
You kill the centaur!
The centaur wields a +0 shortbow.
The centaur shoots an arrow.
The arrow hits you!
You die...

▓'▓
▓.▓
▓.▓
▓)▓
▓.▓
▓.▓
▓.▓
▓[▓
▓@▓
▓)▓
▓c▓
▓.▓
▓.▓
▓.▓
▓.▓
▓.▓
▓c▓


You could see a centaur.

Vanquished Creatures
  A black bear (D)
  A centaur (D)
  A kobold brigand (D)
  A wight (D)
  A gnoll bouda (D)
  2 adders (D)
  A dart slug (D)
  An orc (D)
  A goblin (D)
  A hobgoblin (D)
  A quokka (D)
  A frilled lizard (D)
13 creatures vanquished.

Vanquished Creatures (others)
  An orc wizard (D)
1 creature vanquished.

Grand Total: 14 creatures vanquished

Notes
Turn   | Place    | Note
-------+----------+-------------------------------------------
     0 | D        | testman the Merfolk Gladiator began the quest for the Orb.
     0 | D        | Reached XP level 1. HP: 16/16 MP: 1/1
    17 | D        | Reached skill level 4 in Short Blades
    31 | D        | Reached XP level 2. HP: 16/24 MP: 2/2
    62 | D        | Noticed a black bear
    75 | D        | Reached skill level 5 in Short Blades
    77 | D        | Reached XP level 3. HP: 30/30 MP: 3/3
    82 | D        | Reached skill level 5 in Fighting
    82 | D        | Reached skill level 6 in Short Blades
    85 | D        | Killed a black bear
    86 | D        | Reached skill level 7 in Short Blades
    86 | D        | Reached XP level 4. HP: 41/41 MP: 4/4
    86 | D        | Reached XP level 5. HP: 47/47 MP: 5/5
   128 | D        | Found a snail-covered altar of Cheibriados.
   128 | D        | Found a shadowy altar of Dithmenos.
   128 | D        | Found a white marble altar of Elyvilon.
   128 | D        | Found a blossoming altar of Fedhas.
   128 | D        | Found an opulent altar of Gozag.
   129 | D        | Found a hazy altar of Hepliaklqana.
   130 | D        | Found a viscous altar of Jiyva.
   131 | D        | Found an ancient bone altar of Kikubaaqudgha.
   132 | D        | Found a corrupted altar of Lugonu.
   133 | D        | Found a burning altar of Makhleb.
   134 | D        | Found a sparkling altar of Nemelex Xobeh.
   135 | D        | Found an iron altar of Okawaru.
   136 | D        | Found a stormy altar of Qazlal.
   137 | D        | Found a sacrificial altar of Ru.
   138 | D        | Found a shimmering blue altar of Sif Muna.
   139 | D        | Found a bloodstained altar of Trog.
   140 | D        | Found a hide-covered altar of Uskayaw.
   141 | D        | Found a radiant altar of Vehumet.
   142 | D        | Found an ornate altar of the Wu Jian Council.
   143 | D        | Found a shimmering altar of Xom.
   144 | D        | Found a basalt altar of Yredelemnul.
   145 | D        | Found a glowing silver altar of Zin.
   146 | D        | Found a glowing golden altar of the Shining One.
   148 | D        | Became a worshipper of Uskayaw the Reveller
   184 | D        | Noticed an orc warrior
   184 | D        | Noticed a kobold brigand
   184 | D        | Noticed a centaur
   184 | D        | Noticed a centaur
   192 | D        | Reached * piety under Uskayaw
   193 | D        | Reached ** piety under Uskayaw
   197 | D        | Banished an orc warrior
   198 | D        | Reached skill level 8 in Short Blades
   198 | D        | Reached XP level 6. HP: 33/55 MP: 5/8
   199 | D        | Reached *** piety under Uskayaw
   200 | D        | Reached skill level 9 in Short Blades
   218 | D        | Shot with an arrow by a centaur

Illustrated notes

Levels and vault maps discovered:
D:        linesprint [early_d, line_temple, items_1, d_10, items_2, lair_1,
          lair_end, items_3, orc_1, orc_end, items_4, d_15, swamp_1, shoals_1,
          snake_1, spider_1, d_20, vaults_1, items_5, swamp_end, shoals_end,
          snake_end, spider_end, vaults_end, d_27, items_6, zot_1, zot_end,
          crypt_end, forest_end, elf_end, slime_end, tomb_end, abyss_end,
          pan_hell_end]

Skill      XL: |  1  2  3  4  5  6 |
---------------+-------------------+-----
Short Blades   | 4 5 7 8 9 |  9.7
Fighting       | 3 4 6 7 8 |  8.5
Throwing       | 3 6 7 |  7.7
Invocations    | 3 4 |  4.9
Dodging        | |  4.0

Action                     |  1- 3 |  4- 6 || total
---------------------------+-------+-------++-------
  Melee: Rapier            |    45 |    28 ||    73
         Punch             |     1 |       ||     1
  Throw: Throwing net      |       |     1 ||     1
    Use: Potion            |     2 |     2 ||     4
 Armour: Leather armour    |     9 |     7 ||    16
  Dodge: Dodged            |    22 |    13 ||    35

Table legend: (Time is in decaauts)
 A = Elapsed time spent in this place.
 B = Non-inter-level travel time spent in this place.
 C = Inter-level travel time spent in this place.
 D = Time resting spent in this place.
 E = Time spent auto-exploring this place.
 F = Levels seen in this place.
 G = Mean time per level.
                   A        B        C        D        E       F      G
               +--------+--------+--------+--------+--------+-----+--------+
         Total |    223 |    223 |      0 |     75 |      0 |   1 |  223.0 |
       Dungeon |    223 |    223 |      0 |     75 |      0 |   1 |  223.0 |
               +--------+--------+--------+--------+--------+-----+--------+

Top non-repeatable levels by time:
       D: 223 daAuts
